 Dungeon Crawl Stone Soup version 0.25.0-15-gac7dcb8919 (webtiles) character file.

Game seed: 16384013383710128488

503 KleinerIrrer the Firebug (level 6, 0/41 HPs)
             Began as a Demonspawn Fire Elementalist on June 28, 2020.
             Slain by an ice beast (13 damage)
             ... on level 4 of the Dungeon.
             The game lasted 00:21:31 (4824 turns).

KleinerIrrer the Firebug (DsFE)                     Turns: 4824, Time: 00:21:32

Health: 0/41       AC:  2    Str:  8    XL:     6   Next: 96%
Magic:  11/11      EV: 16    Int: 18    God:
Gold:   156        SH:  0    Dex: 14    Spells: 1/12 levels left

rFire    . . .     SeeInvis .   e - +1 spear
rCold    . . .     Gourm    .   (no shield)
rNeg     . . .     Faith    .   a - +0 robe
rPois    .         Spirit   .   (no helmet)
rElec    .         Reflect  .   (no cloak)
rCorr    .         Harm     .   (no gloves)
MR       .....                  (no boots)
Stlth    +.........             (no amulet)
HPRegen  0.13/turn              (no ring)
MPRegen  0.12/turn              (no ring)

@: confused, mighty, very slightly contaminated, hasted, invisible, very quick
A: talons 1, repulsion field 2, powered by death 1
a: no special abilities


You were on level 4 of the Dungeon.
You were not hungry.

You visited 2 branches of the dungeon, and saw 6 of its levels.

You collected 156 gold pieces.

Inventory:

Hand Weapons
 e - a +1 spear (weapon)
 q - a +3 hunting sling
Missiles
 m - 137 stones (quivered)
 r - 2 sling bullets
Armour
 a - a +0 robe (worn)
 d - a +0 leather armour
 u - a cursed +0 ring mail
Jewellery
 s - an uncursed ring of ice
Scrolls
 f - 2 scrolls of remove curse
 p - a scroll of random uselessness {unknown}
 v - a scroll of fear {unknown}
Potions
 i - 2 potions of cancellation
Comestibles
 c - 4 rations
 j - a chunk of flesh


   Skills:
 * Level 2.9 Dodging
 - Level 1.7 Stealth
 + Level 3.7 Spellcasting
 + Level 4.0 Conjurations
 + Level 4.6 Fire Magic


You had one spell level left.
You knew the following spells:

 Your Spells              Type           Power        Failure   Level  Hunger
a - Foxfire               Conj/Fire      ###.         2%          1    None
b - Conjure Flame         Conj/Fire      ###.....     8%          3    ###....
c - Sticky Flame          Conj/Fire      ###.....     26%         4    ####...
d - Inner Flame           Hex/Fire       ##......     17%         3    ###....

Your spell library contained the following spells:

 Spells                   Type           Power        Failure   Level  Hunger
 Confusing Touch          Hex            #.......     41%         3    ###....
 Gell's Gravitas          Tloc           #.........   41%         3    ###....
 Fireball                 Conj/Fire      ###.......   56%         5    ######.
 Petrify                  Tmut/Erth      #.......     83%         4    ####...
 Metabolic Englaciation   Hex/Ice        #.........   99%         5    ######.
 Yara's Violent Unravell  Hex/Tmut       #.........   99%         5    ######.


Dungeon Overview and Level Annotations

Branches:
Dungeon (5/15)             Temple (1/1) D:4

Altars:
Ashenzari
Dithmenos
Fedhas
Gozag
Hepliaklqana
Kikubaaqudgha
Makhleb
Qazlal
Ru
Sif Muna
Uskayaw
Vehumet
Yredelemnul
Zin
The Shining One
Beogh

Annotations:
D:4 4 runed translucent doors, Crazy Yiuf; p0werm0de's ghost, amateur DDFi
D:5 Grinder; Menkaure


Innate Abilities, Weirdness & Mutations

You have sharp toenails.
You are surrounded by a moderate repulsion field. (EV +3)
You regenerate a little health from kills.


Message History

Aiming: Sticky Flame (quite dangerous; 26% risk of failure)
Press: ? - help, Shift-Dir - straight line, f - ice beast
Aim: an ice beast You miscast Sticky Flame.
You are very lightly contaminated with residual magic.
Sparks fly from your hands!
* * * LOW HITPOINT WARNING * * *
The ice beast misses you.
Unknown command.
You feel better.
It was a potion of ambrosia.
You are confused.
You feel invigorated. The ice beast completely misses you.
It was a potion of invisibility.
You fade into invisibility!
The ice beast closely misses you.
Okay, then.
You bump into the rock wall.
You miss the ice beast. The ice beast hits you. The ice beast freezes you!
You die...

..#### ♣♣.♣♣ #.##.#
..##.# ♣♣.♣ #.##.#
####.# ♣.♣♣ #.##.#
####.# ♣♣.♣ #....#
...'.# ♣.♣♣ #.####
####.# #+# #.########
.....# ... #........#
###### #...#
#Y######.# #....#
#)..# #@# ####.#
#.#### ##### ###
#....# #[...# #.####
#....######### #.#
#............# #.#
...###.##....# #.#
##.....#<....## #.#
##########....#### #.#
#................###.#


You could see an ice beast.

Vanquished Creatures
  Blork the orc (D:4)
  2 scorpions (D:4)
  A howler monkey (D:3)
  A crimson imp (D:5)
  Jessica (D:2)
  An orc wizard (D:5)
  2 worker ants
  7 gnolls
  3 adders
  A howler monkey skeleton (D:5)
  2 shadow imps (D:5)
  An adder skeleton (D:4)
  A dart slug (D:3)
  A leopard gecko (D:5)
  4 orcs
  2 ball pythons (D:2)
  4 giant cockroaches
  2 goblins (D:2)
  A hobgoblin (D:2)
  4 jackals (D:4)
  2 quokkas (D:3)
  6 bats
  A frilled lizard (D:3)
  5 kobolds
  5 rats
61 creatures vanquished.

Vanquished Creatures (others)
  151 foxfires
151 creatures vanquished.

Grand Total: 212 creatures vanquished

Notes
Turn   | Place    | Note
-------+----------+-------------------------------------------
     0 | D:1      | KleinerIrrer the Demonspawn Fire Elementalist began the
                  | quest for the Orb.
     0 | D:1      | Reached XP level 1. HP: 13/13 MP: 3/3
   521 | D:2      | Gained mutation: You regenerate a little health from kills.
                  | [demonic ancestry]
   521 | D:2      | Reached XP level 2. HP: 19/19 MP: 1/5
   564 | D:2      | Noticed Jessica
   571 | D:2      | Killed Jessica
   571 | D:2      | Gained mutation: You are surrounded by a mild repulsion
                  | field. (EV +2) [demonic ancestry]
   571 | D:2      | Reached XP level 3. HP: 16/24 MP: 2/6
  1073 | D:2      | Learned a level 3 spell: Conjure Flame
  1470 | D:3      | Reached XP level 4. HP: 30/30 MP: 4/7
  2020 | D:4      | Noticed Blork the orc
  2139 | D:4      | Gained mutation: You are surrounded by a moderate repulsion
                  | field. (EV +3) [demonic ancestry]
  2139 | D:4      | Reached XP level 5. HP: 35/35 MP: 7/9
  2677 | D:3      | Learned a level 4 spell: Sticky Flame
  2960 | D:4      | Killed Blork the orc
  2960 | D:4      | Gained mutation: You have sharp toenails. [demonic
                  | ancestry]
  2960 | D:4      | Reached XP level 6. HP: 8/41 MP: 4/10
  3232 | D:4      | Found a runed translucent gate.
  3233 | D:4      | Found a runed translucent gate.
  3234 | D:4      | Found a runed translucent gate.
  3236 | D:4      | Noticed p0werm0de's ghost (amateur DDFi)
  3238 | D:4      | Identified the cursed +1 mace "Deabeel" {flame, Int+2}
  3242 | D:4      | Found a roughly hewn altar of Beogh.
  3451 | D:4      | Found a staircase to the Ecumenical Temple.
  3469 | Temple   | Entered the Ecumenical Temple
  3627 | D:4      | Learned a level 3 spell: Inner Flame
  3939 | D:4      | Found a runed translucent door.
  3940 | D:4      | Noticed Crazy Yiuf
  4131 | D:5      | Entered Level 5 of the Dungeon
  4220 | D:5      | Noticed Menkaure
  4221 | D:5      | Noticed Grinder
  4713 | D:5      | Noticed an ice beast
  4819 | D:4      | HP: 1/41 [something (8)]
  4824 | D:4      | Slain by an ice beast

Illustrated notes

Levels and vault maps discovered:
D:1:      lightli_iron_boxes, layout_rooms
D:2:      layout_basic, minivault_26, uniq_jessica
D:3:      layout_rooms
D:4:      layout_basic, minmay_temple_entry_glass, biasface_ghost_orc_armoury,
          uniq_crazy_yiuf_cottage, uniq_blork_the_orc
D:5:      layout_basic, first_ration, minmay_tree_intersection, uniq_grinder,
          uniq_menkaure, uniq_sigmund
Temple:   minmay_crystal_snake_temple

Skill      XL: |  1  2  3  4  5  6 |
---------------+-------------------+-----
Fire Magic     | 3 4 |  4.6
Conjurations   | 2 3 4 |  4.0
Dodging        | 2 |  2.9
Spellcasting   | 3 |  3.7
Stealth        | |  1.7

Action                   |  1- 3 |  4- 6 || total
-------------------------+-------+-------++-------
Melee: Spear             |     7 |     7 ||    14
       Kick              |       |     3 ||     3
 Fire: Hunting sling     |     3 |    66 ||    69
Throw: Stone             |     1 |       ||     1
 Cast: Foxfire           |    39 |    77 ||   116
  Use: Scroll            |       |     6 ||     6
       Potion            |       |     8 ||     8
 Stab: Sleeping          |       |     1 ||     1
  Eat: Chunk             |     1 |     9 ||    10
       Ration            |       |     1 ||     1
Armor: Robe              |     4 |     4 ||     8
Dodge: Dodged            |     7 |    67 ||    74
